Little Stars vs Diables
(R1)
Created - 15 décembre 2016 at 19:01
Goals
|
| Little Stars |
0 |
3 |
1 |
4 |
| Diables |
0 |
2 |
1 |
3 |
|
Shots
|
| Little Stars |
7 |
15 |
11 |
33 |
| Diables |
4 |
12 |
18 |
34 |
|
1st period
No Goal
Penalties :
Brandon Prust (Alm) for Tripping (Minor) at 5:09, Pavel Valentenko (Alm) for Roughing (Minor) at 15:19
2nd period
1. Little Stars , Jesse Joensuu 10 (Tyler Randell) at 1:32
2. Diables , Steve Quailer 19 (Tyler Bozak, Lukas Krajicek) at 14:15
3. Little Stars , Niklas Hjalmarsson 2 (Raphael Diaz) at 16:26 (PP)
4. Diables , Alexandre Burrows 4 (Tyler Bozak) at 17:07 (PP)
5. Little Stars , Hugh Jessiman 18 (Marcus Johansson, Brian Flynn) at 19:35 (PP)
Penalties :
Boone Jenner (Alm) for Hooking (Minor) at 2:54, Taylor Beck (Alm) for Hooking (Minor) at 7:11, Craig Smith (Alm) for Slashing (Double Minor) at 9:29, Lukas Krajicek (Alm) for Goalie Interference (Minor) at 16:09, Hugh Jessiman (Tex) for Hooking (Minor) at 16:49, Benn Ferriero (Alm) for Elbowing (Minor) at 18:46
3rd period
6. Diables , Dustin Kohn 5 (Alexandre Burrows, Tyler Bozak) at 5:16 (PP)
7. Little Stars , Alex Chiasson 5 (Dana Tyrell, Sean Avery) at 18:28 (PP)
Penalties :
Marcus Johansson (Tex) for Hooking (Minor) at 5:02, Tyler Cuma (Alm) for Hooking (Minor) at 6:19, Danny DeKeiser (Tex) for Cross-checking (Minor) at 11:16, Boone Jenner (Alm) for Goalie Interference (Minor) at 18:11, Tyler Randell (Tex) for Delaying the game (Minor) at 18:43
Goalie Stats
Ben Scrivens (Tex), 31 saves from 34 shots - (0,912), W, 8-1-1, 60:00 minutes
Eddie Lack (Alm), 29 saves from 33 shots - (0,879), L, 4-5-3, 58:46 minutes
Players Stats for Little Stars
Player Name G A P +/- PIM S H SB GA TA FO MP PP MP PK MP
------------------------------------------------------------------------------------
Alex Chiasson 1 0 1 -1 0 7 1 0 2 1 0/3 25:03 7:15 2:27
Alexander Vasyunov 0 0 0 0 0 0 0 0 0 0 0/0 2:19 1:39 0:00
Andrej Nestrasil 0 0 0 1 0 1 1 1 0 0 2/8 10:17 0:00 0:00
Brian Flynn 0 1 1 0 0 1 3 2 0 0 9/20 15:44 6:39 0:00
Conor Allen 0 0 0 0 0 0 2 0 0 0 0/0 4:43 0:00 0:00
Dana Tyrell 0 1 1 -1 0 4 1 0 0 0 10/23 22:36 7:15 0:00
Danny DeKeiser 0 0 0 1 2 1 6 1 0 0 0/0 19:02 6:36 0:48
Hugh Jessiman 1 0 1 0 2 2 0 0 0 0 0/0 16:29 6:39 0:46
Jared Spurgeon 0 0 0 1 0 1 1 0 1 1 0/0 19:43 6:36 1:28
Jesse Joensuu 1 0 1 1 0 4 0 0 0 0 0/0 10:17 0:00 0:00
Jonathan Huberdeau 0 0 0 0 0 0 0 0 0 0 0/1 1:48 1:23 0:09
Justin Faulk 0 0 0 -1 0 1 2 0 0 0 0/0 8:11 0:54 0:00
Marcus Johansson 0 1 1 -1 2 7 3 0 2 0 0/0 22:03 5:35 1:08
Michael Mersch 0 0 0 0 0 0 0 0 0 0 0/0 1:20 0:36 0:37
Niklas Hjalmarsson 1 0 1 0 0 2 2 2 0 1 0/0 27:23 7:47 2:19
Oscar Lindberg 0 0 0 0 0 0 0 0 0 0 0/0 0:00 0:00 0:00
Petter Granberg 0 0 0 -1 0 0 0 0 0 0 0/0 7:39 0:00 0:40
Raphael Diaz 0 1 1 0 0 1 3 2 1 0 0/0 27:23 7:47 2:19
Robert Klinkhammer 0 0 0 0 0 0 0 0 1 0 0/0 5:50 0:00 0:00
Scott Harrington 0 0 0 0 0 0 0 0 0 0 0/0 5:56 0:54 0:00
Sean Avery 0 1 1 0 0 1 2 1 1 0 1/7 18:33 7:13 2:24
T.J. Tynan 0 0 0 0 0 0 1 0 0 0 1/3 6:24 0:39 0:03
Tom Kuhnhackl 0 0 0 0 0 0 0 0 0 0 0/0 5:50 0:00 0:00
Ty Rattie 0 0 0 0 0 0 0 0 0 0 0/0 0:28 0:10 0:00
Tyler Randell 0 1 1 1 2 0 2 0 0 1 1/1 11:08 0:48 0:00
Players Stats for Diables
Player Name G A P +/- PIM S H SB GA TA FO MP PP MP PK MP
------------------------------------------------------------------------------------
Alexandre Burrows 1 1 2 0 0 6 0 1 1 0 8/11 25:53 2:25 7:07
Ben Hanowski 0 0 0 0 0 1 0 0 0 0 2/2 9:08 0:00 2:34
Benn Ferriero 0 0 0 0 2 1 1 0 0 0 1/2 12:06 1:22 0:00
Boone Jenner 0 0 0 0 4 1 0 0 0 0 2/3 6:33 0:00 0:50
Brandon Prust 0 0 0 0 2 0 3 1 1 0 0/0 19:30 1:22 6:46
Brian Dumoulin 0 0 0 0 0 0 0 1 0 2 0/0 11:16 0:00 2:42
Craig Smith 0 0 0 0 4 3 1 0 0 0 8/13 12:13 0:00 0:54
Dustin Kohn 1 0 1 0 0 4 0 1 0 1 0/0 20:30 1:32 7:22
Josh Manson 0 0 0 0 0 0 0 0 0 0 0/0 6:06 0:00 1:15
Kyle Cumiskey 0 0 0 0 0 1 0 2 1 0 0/0 29:40 2:15 6:35
Lukas Krajicek 0 1 1 0 2 1 2 1 0 1 0/0 19:24 1:32 6:44
Pavel Valentenko 0 0 0 0 2 0 0 1 0 0 0/0 9:08 0:00 0:04
Riley Sheahan 0 0 0 0 0 1 1 0 0 0 6/13 13:04 1:22 0:22
Steve Quailer 1 0 1 0 0 1 2 1 0 2 0/0 20:35 2:25 4:59
Taylor Beck 0 0 0 0 2 1 1 0 1 0 0/0 13:03 0:00 1:54
Tomas Kubalik 0 0 0 0 0 4 0 0 0 0 0/0 10:19 0:00 0:00
Tyler Bozak 0 3 3 0 0 4 1 2 0 0 15/22 20:39 2:25 4:59
Tyler Cuma 0 0 0 0 2 5 2 1 0 2 0/0 25:27 2:15 6:01
3 Stars
1 - Tyler Bozak (Alm)
2 - Alexandre Burrows (Alm)
3 - Niklas Hjalmarsson (Tex)
Power Play
Little Stars - 3 on 10 Attempt(s) - 30,00%
Diables - 2 on 4 Attempt(s) - 50,00%
Penalty Kill
Little Stars - 2 on 4 Attempt(s) - 50,00%
- Score 0 goal in Penalty Kill
Diables - 7 on 10 Attempt(s) - 70,00%
- Score 0 goal in Penalty Kill
Team Stat
Little Stars - Hits : 30 - Faceoff Wins : 24 - Blocked Shots : 9 - Penalty Minutes : 8
Diables - Hits : 14 - Faceoff Wins : 42 - Blocked Shots : 12 - Penalty Minutes : 20
Official
Referees : Marouelli Dan and Watson Brad
Linesman : Tim Nowak and Scott Driscoll
Game Notes
No Game Note
Finance
Level 1 -- Attendance: 1589 (79,45%) -- Ticket Income 55 615 $
Level 2 -- Attendance: 688 (68,80%) -- Ticket Income 10 320 $
Total Attendance: 2277 (75,90%)
Total Ticket Income: 65 935 $
Other Income: 3 297 $
Total Income: 69 232 $
Little Stars
5 vs 5 Forward
Center Left Wing Right Wing Time % Phy DF OF
1 Dana Tyrell Marcus Johansson Alex Chiasson 40 1 2 2
2 Brian Flynn Sean Avery Hugh Jessiman 30 1 2 2
3 Andrej Nestrasil Jesse Joensuu Tyler Randell 20 1 2 2
4 T.J. Tynan Robert Klinkhammer Tom Kuhnhackl 10 1 2 2
5 vs 5 Defense
Defense Defense Time % Phy DF OF
1 Raphael Diaz Niklas Hjalmarsson 40 1 2 2
2 Jared Spurgeon Danny DeKeiser 30 1 2 2
3 Justin Faulk Petter Granberg 20 1 2 2
4 Conor Allen Scott Harrington 10 1 2 2
PowerPlay Forward
Center Left Wing Right Wing Time % Phy DF OF
1 Dana Tyrell Sean Avery Alex Chiasson 60 1 2 2
2 Brian Flynn Marcus Johansson Hugh Jessiman 40 1 2 2
PowerPlay Defense
Defense Defense Time % Phy DF OF
1 Raphael Diaz Niklas Hjalmarsson 60 1 2 2
2 Jared Spurgeon Danny DeKeiser 40 1 2 2
Penalty Kill 4 Players Forward
Center Wing Time % Phy DF OF
1 Sean Avery Alex Chiasson 60 1 2 2
2 Marcus Johansson Hugh Jessiman 40 1 2 2
Penalty Kill 4 Players Defense
Defense Defense Time % Phy DF OF
1 Raphael Diaz Niklas Hjalmarsson 60 1 2 2
2 Jared Spurgeon Danny DeKeiser 40 1 2 2
Penalty Kill - 3 Players Forward
Forward Time % Phy DF OF
1 Sean Avery 60 1 2 2
2 Alex Chiasson 40 1 2 2
Penalty Kill - 3 Players Defense
Defense Defense Time % Phy DF OF
1 Raphael Diaz Niklas Hjalmarsson 60 1 2 2
2 Jared Spurgeon Danny DeKeiser 40 1 2 2
4 vs 4 Forward
Center Wing Time % Phy DF OF
1 Sean Avery Alex Chiasson 60 1 2 2
2 Marcus Johansson Hugh Jessiman 40 1 2 2
4 vs 4 Defense
Defense Defense Time % Phy DF OF
1 Raphael Diaz Niklas Hjalmarsson 60 1 2 2
2 Jared Spurgeon Danny DeKeiser 40 1 2 2
Last Minutes Offensive
Center Left Wing Right Wing Defense Defense
Dana Tyrell Sean Avery Alex Chiasson Raphael Diaz Niklas Hjalmarsson
Last Minutes Defensive
Center Left Wing Right Wing Defense Defense
Dana Tyrell Sean Avery Alex Chiasson Raphael Diaz Niklas Hjalmarsson
Goaltenders
Starting : Ben Scrivens
Backup : Laurent Brossoit
Extra Forwards
Normal : Alexander Vasyunov, Jonathan Huberdeau, Michael Mersch - PP : Alexander Vasyunov, Jonathan Huberdeau - PK : Michael Mersch
Extra Defensemen
Normal : Justin Faulk, Petter Granberg, Conor Allen - PP : Justin Faulk - PK : Petter Granberg, Conor Allen
Penalty Shots
Sean Avery, Alex Chiasson, Marcus Johansson, Hugh Jessiman, Dana Tyrell
Diables
5 vs 5 Forward
Center Left Wing Right Wing Time % Phy DF OF
1 Tyler Bozak Alexandre Burrows Steve Quailer 40 1 2 2
2 Riley Sheahan Brandon Prust Benn Ferriero 30 1 2 2
3 Craig Smith Taylor Beck Tomas Kubalik 20 1 2 2
4 Boone Jenner Alexandre Burrows Ben Hanowski 10 1 2 2
5 vs 5 Defense
Defense Defense Time % Phy DF OF
1 Kyle Cumiskey Tyler Cuma 40 1 2 2
2 Lukas Krajicek Dustin Kohn 30 1 2 2
3 Pavel Valentenko Brian Dumoulin 20 1 2 2
4 Josh Manson Kyle Cumiskey 10 1 2 2
PowerPlay Forward
Center Left Wing Right Wing Time % Phy DF OF
1 Tyler Bozak Alexandre Burrows Steve Quailer 60 1 2 2
2 Riley Sheahan Brandon Prust Benn Ferriero 40 1 2 2
PowerPlay Defense
Defense Defense Time % Phy DF OF
1 Kyle Cumiskey Tyler Cuma 60 1 2 2
2 Lukas Krajicek Dustin Kohn 40 1 2 2
Penalty Kill 4 Players Forward
Center Wing Time % Phy DF OF
1 Alexandre Burrows Brandon Prust 60 1 2 2
2 Tyler Bozak Steve Quailer 40 1 2 2
Penalty Kill 4 Players Defense
Defense Defense Time % Phy DF OF
1 Kyle Cumiskey Tyler Cuma 60 1 2 2
2 Lukas Krajicek Dustin Kohn 40 1 2 2
Penalty Kill - 3 Players Forward
Forward Time % Phy DF OF
1 Alexandre Burrows 60 1 2 2
2 Brandon Prust 40 1 2 2
Penalty Kill - 3 Players Defense
Defense Defense Time % Phy DF OF
1 Kyle Cumiskey Tyler Cuma 60 1 2 2
2 Lukas Krajicek Dustin Kohn 40 1 2 2
4 vs 4 Forward
Center Wing Time % Phy DF OF
1 Alexandre Burrows Brandon Prust 60 1 2 2
2 Tyler Bozak Steve Quailer 40 1 2 2
4 vs 4 Defense
Defense Defense Time % Phy DF OF
1 Kyle Cumiskey Tyler Cuma 60 1 2 2
2 Lukas Krajicek Dustin Kohn 40 1 2 2
Last Minutes Offensive
Center Left Wing Right Wing Defense Defense
Tyler Bozak Alexandre Burrows Steve Quailer Kyle Cumiskey Tyler Cuma
Last Minutes Defensive
Center Left Wing Right Wing Defense Defense
Tyler Bozak Alexandre Burrows Steve Quailer Kyle Cumiskey Tyler Cuma
Goaltenders
Starting : Eddie Lack
Backup : Jean-Francois Berube
Extra Forwards
Normal : Craig Smith, Tomas Kubalik, Ben Hanowski - PP : Craig Smith, Tomas Kubalik - PK : Ben Hanowski
Extra Defensemen
Normal : Pavel Valentenko, Brian Dumoulin, Josh Manson - PP : Pavel Valentenko - PK : Brian Dumoulin, Josh Manson
Penalty Shots
Alexandre Burrows, Brandon Prust, Tyler Bozak, Steve Quailer, Riley Sheahan
% Time on Ice - Little Stars
Lines # - Real PCT - Wanted PCT - Time Play
Normal Forward
1 - 38% - 40% - 15:37
2 - 22% - 30% - 9:12
3 - 25% - 20% - 10:17
4 - 14% - 10% - 5:50
Normal Defense
1 - 44% - 40% - 17:57
2 - 29% - 30% - 12:04
3 - 17% - 20% - 6:58
4 - 10% - 10% - 3:57
PP Forward
1 - 50% - 60% - 7:43
2 - 50% - 40% - 7:34
PP Defense
1 - 51% - 60% - 7:52
2 - 49% - 40% - 7:25
PK Forward
1 - 80% - 60% - 3:01
2 - 20% - 40% - 0:46
PK Defense
1 - 61% - 60% - 2:19
2 - 39% - 40% - 1:28
PK3 Forward
1 - 0% - 60%
2 - 0% - 40%
PK3 Defense
1 - 0% - 60%
2 - 0% - 40%
44 Forward
1 - 0% - 60%
2 - 0% - 40%
44 Defense
1 - 0% - 60%
2 - 0% - 40%
Last Minute Offensive - 0:00
Last Minute Defensive - 0:00
Total
Forward - 60:00
Defense - 60:00
|
% Time on Ice - Diables
Lines # - Real PCT - Wanted PCT - Time Play
Normal Forward
1 - 36% - 40% - 14:53
2 - 26% - 30% - 10:49
3 - 25% - 20% - 10:22
4 - 12% - 10% - 4:52
Normal Defense
1 - 42% - 40% - 17:12
2 - 29% - 30% - 11:40
3 - 20% - 20% - 8:13
4 - 9% - 10% - 3:51
PP Forward
1 - 64% - 60% - 2:25
2 - 36% - 40% - 1:22
PP Defense
1 - 59% - 60% - 2:15
2 - 41% - 40% - 1:32
PK Forward
1 - 67% - 60% - 10:18
2 - 33% - 40% - 4:59
PK Defense
1 - 49% - 60% - 7:27
2 - 51% - 40% - 7:50
PK3 Forward
1 - 0% - 60%
2 - 0% - 40%
PK3 Defense
1 - 0% - 60%
2 - 0% - 40%
44 Forward
1 - 0% - 60%
2 - 0% - 40%
44 Defense
1 - 0% - 60%
2 - 0% - 40%
Last Minute Offensive - 0:00
Last Minute Defensive - 0:00
Total
Forward - 60:00
Defense - 60:00
|
Play by Play
1st period
0:01 of 1st period - Dana Tyrell wins face-off versus Tyler Bozak in neutral zone.
0:08 of 1st period - Wrist shot by Tyler Bozak.
0:08 of 1st period - Stopped by Ben Scrivens without a rebound.
0:09 of 1st period - Tyler Bozak wins face-off versus Dana Tyrell in Little Stars zone.
1:21 of 1st period - Wrist shot by Tyler Bozak.
1:21 of 1st period - Shot Blocked by Niklas Hjalmarsson.
1:29 of 1st period - Kyle Cumiskey is hit by Dana Tyrell and loses puck.
1:40 of 1st period - Snap shot by Alexandre Burrows.
1:40 of 1st period - Stopped by Ben Scrivens with a rebound.
2:05 of 1st period - Wrist shot by Raphael Diaz.
2:05 of 1st period - Shot Misses the Net.
2:07 of 1st period - Backhand shot by Dana Tyrell.
2:07 of 1st period - Shot Misses the Net.
2:09 of 1st period - Wrist shot by Dana Tyrell.
2:09 of 1st period - Shot Blocked by Kyle Cumiskey.
2:13 of 1st period - Snap shot by Alex Chiasson.
2:13 of 1st period - Stopped by Eddie Lack with a rebound.
3:01 of 1st period - Slapshot by Alex Chiasson.
3:01 of 1st period - Deflect By Marcus Johansson.
3:01 of 1st period - Stopped by Eddie Lack with a rebound.
3:03 of 1st period - Snap shot by Dana Tyrell.
3:03 of 1st period - Stopped by Eddie Lack with a rebound.
3:05 of 1st period - Snap shot by Dana Tyrell.
3:05 of 1st period - Shot Blocked by Steve Quailer.
3:09 of 1st period - Snap shot by Alex Chiasson.
3:09 of 1st period - Stopped by Eddie Lack with a rebound.
3:25 of 1st period - Wrist shot by Marcus Johansson.
3:25 of 1st period - Deflect By Kyle Cumiskey.
3:25 of 1st period - Stopped by Eddie Lack with a rebound.
4:09 of 1st period - Slapshot by Marcus Johansson.
4:09 of 1st period - Stopped by Eddie Lack without a rebound.
4:10 of 1st period - Riley Sheahan wins face-off versus Brian Flynn in Diables zone.
4:53 of 1st period - Off-side.
4:54 of 1st period - Riley Sheahan wins face-off versus T.J. Tynan in neutral zone.
5:09 of 1st period - Minor Penalty to Brandon Prust for Tripping.
5:10 of 1st period - Ben Hanowski wins face-off versus Brian Flynn in Diables zone.
5:10 of 1st period - Ben Hanowski is hit by Danny DeKeiser.
5:19 of 1st period - Slapshot by Dustin Kohn.
5:19 of 1st period - Deflect By Danny DeKeiser.
5:19 of 1st period - Stopped by Ben Scrivens with a rebound.
5:35 of 1st period - Brian Flynn is hit by Craig Smith and loses puck.
7:09 of 1st period - Penalty to Brandon Prust is over, Brandon Prust is back on ice.
7:18 of 1st period - Wrist shot by Brandon Prust.
7:18 of 1st period - Shot Misses the Net.
7:28 of 1st period - Snap shot by Jesse Joensuu.
7:28 of 1st period - Shot Misses the Net.
7:30 of 1st period - Slapshot by Scott Harrington.
7:30 of 1st period - Deflect By Jesse Joensuu.
7:30 of 1st period - Stopped by Eddie Lack with a rebound.
7:45 of 1st period - Jared Spurgeon is hit by Brandon Prust.
7:55 of 1st period - Brandon Prust is hit by Conor Allen and loses puck.
8:02 of 1st period - Tyler Randell is hit by Brandon Prust and loses puck.
8:07 of 1st period - Slapshot by Brandon Prust.
8:07 of 1st period - Shot Misses the Net.
8:09 of 1st period - Snap shot by Brandon Prust.
8:09 of 1st period - Deflect By Ben Hanowski.
8:09 of 1st period - Stopped by Ben Scrivens without a rebound.
8:10 of 1st period - Brian Flynn wins face-off versus Craig Smith in Little Stars zone.
8:52 of 1st period - Lukas Krajicek is hit by Tyler Randell and loses puck.
9:07 of 1st period - Lukas Krajicek is hit by Danny DeKeiser.
10:12 of 1st period - Brandon Prust is hit by Andrej Nestrasil and loses puck.
10:46 of 1st period - Dustin Kohn is hit by Brian Flynn and loses puck.
11:43 of 1st period - Jared Spurgeon is hit by Steve Quailer and loses puck.
13:02 of 1st period - Dustin Kohn is hit by T.J. Tynan and loses puck.
15:00 of 1st period - Icing by Lukas Krajicek.
15:01 of 1st period - Riley Sheahan wins face-off versus T.J. Tynan in Diables zone.
15:19 of 1st period - Minor Penalty to Pavel Valentenko for Roughing.
15:20 of 1st period - Alexandre Burrows wins face-off versus Dana Tyrell in Diables zone.
16:03 of 1st period - Off-side.
16:04 of 1st period - Tyler Bozak wins face-off versus Dana Tyrell in neutral zone.
17:19 of 1st period - Penalty to Pavel Valentenko is over, Pavel Valentenko is back on ice.
17:39 of 1st period - Off-side.
17:40 of 1st period - T.J. Tynan wins face-off versus Benn Ferriero in neutral zone.
18:29 of 1st period - Slapshot by Andrej Nestrasil.
18:29 of 1st period - Shot Blocked by Pavel Valentenko.
18:31 of 1st period - Snap shot by Jesse Joensuu.
18:31 of 1st period - Shot Misses the Net.
18:33 of 1st period - Snap shot by Scott Harrington.
18:33 of 1st period - Shot Blocked by Brian Dumoulin.
18:35 of 1st period - Wrist shot by Tyler Randell.
18:35 of 1st period - Shot Misses the Net.
18:57 of 1st period - Icing by Conor Allen.
18:58 of 1st period - Dana Tyrell wins face-off versus Riley Sheahan in Little Stars zone.
18:58 of 1st period - Dana Tyrell is hit by Brandon Prust.
19:16 of 1st period - Benn Ferriero is hit by Alex Chiasson and loses puck.
19:35 of 1st period - Kyle Cumiskey is hit by Conor Allen and loses puck.
19:45 of 1st period - Icing by Conor Allen.
19:46 of 1st period - Tyler Bozak wins face-off versus Dana Tyrell in Little Stars zone.
Goals for this period are 0 for Little Stars vs 0 for Diables.
Shots for this period are 7 for Little Stars vs 4 for Diables.
2nd period
0:01 of 2nd period - Brian Flynn wins face-off versus Riley Sheahan in neutral zone.
0:10 of 2nd period - Riley Sheahan is hit by Brian Flynn and loses puck.
0:25 of 2nd period - Danny DeKeiser is hit by Lukas Krajicek and loses puck.
0:33 of 2nd period - Icing by Alex Chiasson.
0:34 of 2nd period - Craig Smith wins face-off versus Dana Tyrell in Little Stars zone.
0:37 of 2nd period - Snap shot by Craig Smith.
0:37 of 2nd period - Shot Misses the Net.
0:39 of 2nd period - Slapshot by Kyle Cumiskey.
0:39 of 2nd period - Shot Misses the Net.
0:41 of 2nd period - Wrist shot by Tomas Kubalik.
0:41 of 2nd period - Stopped by Ben Scrivens without a rebound.
0:42 of 2nd period - Brian Flynn wins face-off versus Craig Smith in Little Stars zone.
0:49 of 2nd period - Slapshot by Brian Flynn.
0:49 of 2nd period - Stopped by Eddie Lack with a rebound.
1:16 of 2nd period - Snap shot by Alex Chiasson.
1:16 of 2nd period - Stopped by Eddie Lack with a rebound.
1:18 of 2nd period - Snap shot by Dana Tyrell.
1:18 of 2nd period - Stopped by Eddie Lack without a rebound.
1:19 of 2nd period - Tyler Bozak wins face-off versus Andrej Nestrasil in Diables zone.
1:19 of 2nd period - Tyler Bozak is hit by Tyler Randell.
1:32 of 2nd period - Wrist shot by Jesse Joensuu.
1:32 of 2nd period - Goal by Jesse Joensuu - Little Stars : 1 - Diables : 0.
1:33 of 2nd period - Brian Flynn wins face-off versus Riley Sheahan in neutral zone.
1:38 of 2nd period - Wrist shot by Sean Avery.
1:38 of 2nd period - Stopped by Eddie Lack without a rebound.
1:39 of 2nd period - Riley Sheahan wins face-off versus Brian Flynn in Diables zone.
1:44 of 2nd period - Wrist shot by Tyler Cuma.
1:44 of 2nd period - Stopped by Ben Scrivens without a rebound.
1:45 of 2nd period - Brian Flynn wins face-off versus Riley Sheahan in Little Stars zone.
2:01 of 2nd period - Wrist shot by Benn Ferriero.
2:01 of 2nd period - Stopped by Ben Scrivens with a rebound.
2:54 of 2nd period - Minor Penalty to Boone Jenner for Hooking.
2:55 of 2nd period - Dana Tyrell wins face-off versus Alexandre Burrows in Diables zone.
4:34 of 2nd period - Jared Spurgeon is hit by Taylor Beck and loses puck.
4:41 of 2nd period - Jared Spurgeon is hit by Lukas Krajicek and loses puck.
4:54 of 2nd period - Penalty to Boone Jenner is over, Boone Jenner is back on ice.
5:04 of 2nd period - Snap shot by Jesse Joensuu.
5:04 of 2nd period - Stopped by Eddie Lack with a rebound.
7:11 of 2nd period - Minor Penalty to Taylor Beck for Hooking.
7:12 of 2nd period - Alexandre Burrows wins face-off versus Dana Tyrell in Diables zone.
7:12 of 2nd period - Alexandre Burrows is hit by Raphael Diaz.
7:22 of 2nd period - Wrist shot by Alex Chiasson.
7:22 of 2nd period - Shot Blocked by Brandon Prust.
7:24 of 2nd period - Wrist shot by Sean Avery.
7:24 of 2nd period - Shot Misses the Net.
7:26 of 2nd period - Snap shot by Alex Chiasson.
7:26 of 2nd period - Stopped by Eddie Lack without a rebound.
7:27 of 2nd period - Alexandre Burrows wins face-off versus Dana Tyrell in Diables zone.
7:27 of 2nd period - Alexandre Burrows is hit by Sean Avery.
7:57 of 2nd period - Wrist shot by Marcus Johansson.
7:57 of 2nd period - Shot Blocked by Tyler Bozak.
8:11 of 2nd period - Wrist shot by Sean Avery.
8:11 of 2nd period - Shot Misses the Net.
9:11 of 2nd period - Penalty to Taylor Beck is over, Taylor Beck is back on ice.
9:29 of 2nd period - Double Minor Penalty to Craig Smith for Slashing.
9:30 of 2nd period - Dana Tyrell wins face-off versus Alexandre Burrows in Diables zone.
9:35 of 2nd period - Slapshot by Sean Avery.
9:35 of 2nd period - Shot Misses the Net.
9:37 of 2nd period - Slapshot by Raphael Diaz.
9:37 of 2nd period - Shot Misses the Net.
9:39 of 2nd period - Slapshot by Raphael Diaz.
9:39 of 2nd period - Stopped by Eddie Lack without a rebound.
9:40 of 2nd period - Alexandre Burrows wins face-off versus Alex Chiasson in Diables zone.
10:13 of 2nd period - Snap shot by Sean Avery.
10:13 of 2nd period - Shot Blocked by Tyler Bozak.
10:36 of 2nd period - Snap shot by Niklas Hjalmarsson.
10:36 of 2nd period - Stopped by Eddie Lack without a rebound.
10:37 of 2nd period - Alexandre Burrows wins face-off versus Brian Flynn in Diables zone.
10:46 of 2nd period - Wrist shot by Hugh Jessiman.
10:46 of 2nd period - Shot Blocked by Dustin Kohn.
11:08 of 2nd period - Kyle Cumiskey is hit by Brian Flynn and loses puck.
12:20 of 2nd period - Snap shot by Taylor Beck.
12:20 of 2nd period - Stopped by Ben Scrivens without a rebound.
12:21 of 2nd period - Ben Hanowski wins face-off versus Dana Tyrell in Little Stars zone.
13:29 of 2nd period - Penalty to Craig Smith is over, Craig Smith is back on ice.
13:33 of 2nd period - Wrist shot by Tomas Kubalik.
13:33 of 2nd period - Stopped by Ben Scrivens with a rebound.
13:35 of 2nd period - Snap shot by Kyle Cumiskey.
13:35 of 2nd period - Stopped by Ben Scrivens without a rebound.
13:36 of 2nd period - Craig Smith wins face-off versus Jonathan Huberdeau in Little Stars zone.
13:37 of 2nd period - Slapshot by Tomas Kubalik.
13:37 of 2nd period - Shot Misses the Net.
13:39 of 2nd period - Slapshot by Craig Smith.
13:39 of 2nd period - Shot Misses the Net.
13:41 of 2nd period - Wrist shot by Taylor Beck.
13:41 of 2nd period - Shot Misses the Net.
13:43 of 2nd period - Slapshot by Craig Smith.
13:43 of 2nd period - Stopped by Ben Scrivens without a rebound.
13:44 of 2nd period - Andrej Nestrasil wins face-off versus Riley Sheahan in Little Stars zone.
14:09 of 2nd period - Snap shot by Alexandre Burrows.
14:09 of 2nd period - Deflect By Tyler Bozak.
14:09 of 2nd period - Stopped by Ben Scrivens with a rebound.
14:11 of 2nd period - Slapshot by Lukas Krajicek.
14:11 of 2nd period - Deflect By Alex Chiasson.
14:11 of 2nd period - Stopped by Ben Scrivens with a rebound.
14:13 of 2nd period - Wrist shot by Tyler Bozak.
14:13 of 2nd period - Shot Misses the Net.
14:15 of 2nd period - Snap shot by Steve Quailer.
14:15 of 2nd period - Goal by Steve Quailer - Little Stars : 1 - Diables : 1.
14:16 of 2nd period - Tyler Bozak wins face-off versus Brian Flynn in neutral zone.
14:47 of 2nd period - Snap shot by Marcus Johansson.
14:47 of 2nd period - Stopped by Eddie Lack with a rebound.
14:49 of 2nd period - Snap shot by Marcus Johansson.
14:49 of 2nd period - Shot Blocked by Kyle Cumiskey.
14:51 of 2nd period - Wrist shot by Alex Chiasson.
14:51 of 2nd period - Stopped by Eddie Lack with a rebound.
14:53 of 2nd period - Slapshot by Dana Tyrell.
14:53 of 2nd period - Shot Misses the Net.
15:11 of 2nd period - Slapshot by Andrej Nestrasil.
15:11 of 2nd period - Stopped by Eddie Lack with a rebound.
15:13 of 2nd period - Slapshot by Danny DeKeiser.
15:13 of 2nd period - Shot Misses the Net.
15:42 of 2nd period - Wrist shot by Alexandre Burrows.
15:42 of 2nd period - Shot Misses the Net.
15:44 of 2nd period - Wrist shot by Alexandre Burrows.
15:44 of 2nd period - Shot Misses the Net.
15:46 of 2nd period - Snap shot by Boone Jenner.
15:46 of 2nd period - Shot Misses the Net.
15:56 of 2nd period - Snap shot by Marcus Johansson.
15:56 of 2nd period - Stopped by Eddie Lack with a rebound.
15:58 of 2nd period - Slapshot by Alex Chiasson.
15:58 of 2nd period - Shot Misses the Net.
16:09 of 2nd period - Minor Penalty to Lukas Krajicek for Goalie Interference.
16:10 of 2nd period - Alexandre Burrows wins face-off versus Sean Avery in Diables zone.
16:26 of 2nd period - Wrist shot by Niklas Hjalmarsson.
16:26 of 2nd period - Goal by Niklas Hjalmarsson - Little Stars : 2 - Diables : 1.
16:27 of 2nd period - Tyler Bozak wins face-off versus Brian Flynn in neutral zone.
16:49 of 2nd period - Minor Penalty to Hugh Jessiman for Hooking.
16:50 of 2nd period - Tyler Bozak wins face-off versus Sean Avery in Little Stars zone.
17:05 of 2nd period - Snap shot by Tyler Bozak.
17:05 of 2nd period - Stopped by Ben Scrivens without a rebound.
17:06 of 2nd period - Tyler Bozak wins face-off versus Sean Avery in Little Stars zone.
17:07 of 2nd period - Snap shot by Alexandre Burrows.
17:07 of 2nd period - Goal by Alexandre Burrows - Little Stars : 2 - Diables : 2.
17:08 of 2nd period - Tyler Bozak wins face-off versus Dana Tyrell in neutral zone.
17:58 of 2nd period - Snap shot by Raphael Diaz.
17:58 of 2nd period - Shot Misses the Net.
18:46 of 2nd period - Minor Penalty to Benn Ferriero for Elbowing.
18:47 of 2nd period - Alexandre Burrows wins face-off versus Dana Tyrell in Diables zone.
19:15 of 2nd period - Off-side.
19:16 of 2nd period - Brian Flynn wins face-off versus Tyler Bozak in neutral zone.
19:22 of 2nd period - Steve Quailer is hit by Marcus Johansson and loses puck.
19:33 of 2nd period - Snap shot by Marcus Johansson.
19:33 of 2nd period - Shot Blocked by Lukas Krajicek.
19:35 of 2nd period - Snap shot by Hugh Jessiman.
19:35 of 2nd period - Goal by Hugh Jessiman - Little Stars : 3 - Diables : 2.
19:36 of 2nd period - Tyler Bozak wins face-off versus Alex Chiasson in neutral zone.
19:36 of 2nd period - Tyler Bozak is hit by Raphael Diaz.
19:50 of 2nd period - Dana Tyrell is hit by Tyler Cuma and loses puck.
19:57 of 2nd period - Alexandre Burrows is hit by Marcus Johansson and loses puck.
Goals for this period are 3 for Little Stars vs 2 for Diables.
Shots for this period are 15 for Little Stars vs 12 for Diables.
3rd period
0:01 of 3rd period - Tyler Bozak wins face-off versus Dana Tyrell in neutral zone.
0:11 of 3rd period - Backhand shot by Danny DeKeiser.
0:11 of 3rd period - Shot Blocked by Alexandre Burrows.
0:13 of 3rd period - Slapshot by Jared Spurgeon.
0:13 of 3rd period - Stopped by Eddie Lack with a rebound.
0:15 of 3rd period - Slapshot by Danny DeKeiser.
0:15 of 3rd period - Deflect By Alex Chiasson.
0:15 of 3rd period - Stopped by Eddie Lack without a rebound.
0:16 of 3rd period - Benn Ferriero wins face-off versus Brian Flynn in Diables zone.
0:41 of 3rd period - Dana Tyrell is hit by Tyler Bozak and loses puck.
1:20 of 3rd period - Dustin Kohn is hit by Niklas Hjalmarsson and loses puck.
1:45 of 3rd period - Slapshot by Raphael Diaz.
1:45 of 3rd period - Shot Misses the Net.
1:47 of 3rd period - Slapshot by Hugh Jessiman.
1:47 of 3rd period - Stopped by Eddie Lack with a rebound.
2:03 of 3rd period - Snap shot by Craig Smith.
2:03 of 3rd period - Shot Hit the Post.
2:05 of 3rd period - Slapshot by Lukas Krajicek.
2:05 of 3rd period - Shot Blocked by Danny DeKeiser.
2:21 of 3rd period - Steve Quailer is hit by Danny DeKeiser and loses puck.
2:53 of 3rd period - Pavel Valentenko is hit by Danny DeKeiser and loses puck.
3:00 of 3rd period - Danny DeKeiser is hit by Benn Ferriero and loses puck.
3:29 of 3rd period - Dana Tyrell is hit by Tyler Cuma and loses puck.
3:42 of 3rd period - Slapshot by Danny DeKeiser.
3:42 of 3rd period - Stopped by Eddie Lack with a rebound.
4:02 of 3rd period - Riley Sheahan is hit by Justin Faulk.
5:02 of 3rd period - Minor Penalty to Marcus Johansson for Hooking.
5:03 of 3rd period - Tyler Bozak wins face-off versus Sean Avery in Little Stars zone.
5:14 of 3rd period - Snap shot by Alexandre Burrows.
5:14 of 3rd period - Shot Misses the Net.
5:16 of 3rd period - Slapshot by Dustin Kohn.
5:16 of 3rd period - Goal by Dustin Kohn - Little Stars : 3 - Diables : 3.
5:17 of 3rd period - Dana Tyrell wins face-off versus Tyler Bozak in neutral zone.
5:20 of 3rd period - Slapshot by Raphael Diaz.
5:20 of 3rd period - Shot Misses the Net.
5:22 of 3rd period - Slapshot by Raphael Diaz.
5:22 of 3rd period - Deflect By Dana Tyrell.
5:22 of 3rd period - Stopped by Eddie Lack with a rebound.
5:24 of 3rd period - Snap shot by Dana Tyrell.
5:24 of 3rd period - Stopped by Eddie Lack with a rebound.
5:44 of 3rd period - Icing by Alexandre Burrows.
5:45 of 3rd period - Tyler Bozak wins face-off versus Andrej Nestrasil in Diables zone.
5:50 of 3rd period - Snap shot by Alexandre Burrows.
5:50 of 3rd period - Shot Hit the Post.
5:52 of 3rd period - Slapshot by Brian Dumoulin.
5:52 of 3rd period - Deflect By Alexandre Burrows.
5:52 of 3rd period - Shot Misses the Net.
5:52 of 3rd period - Puck is out of play.
5:53 of 3rd period - Dana Tyrell wins face-off versus Riley Sheahan in Little Stars zone.
6:00 of 3rd period - Backhand shot by Marcus Johansson.
6:00 of 3rd period - Stopped by Eddie Lack with a rebound.
6:02 of 3rd period - Slapshot by Justin Faulk.
6:02 of 3rd period - Shot Blocked by Tyler Cuma.
6:04 of 3rd period - Snap shot by Alex Chiasson.
6:04 of 3rd period - Shot Misses the Net.
6:06 of 3rd period - Slapshot by Justin Faulk.
6:06 of 3rd period - Stopped by Eddie Lack without a rebound.
6:07 of 3rd period - Brian Flynn wins face-off versus Tyler Bozak in Diables zone.
6:19 of 3rd period - Minor Penalty to Tyler Cuma for Hooking.
6:20 of 3rd period - Alexandre Burrows wins face-off versus Dana Tyrell in Diables zone.
6:20 of 3rd period - Alexandre Burrows is hit by Raphael Diaz.
7:49 of 3rd period - Tyler Bozak is hit by Marcus Johansson and loses puck.
8:08 of 3rd period - Snap shot by Ben Hanowski.
8:08 of 3rd period - Shot Blocked by Raphael Diaz.
8:19 of 3rd period - Penalty to Tyler Cuma is over, Tyler Cuma is back on ice.
8:31 of 3rd period - Wrist shot by Tyler Cuma.
8:31 of 3rd period - Stopped by Ben Scrivens without a rebound.
8:32 of 3rd period - Tyler Randell wins face-off versus Craig Smith in Little Stars zone.
8:56 of 3rd period - Kyle Cumiskey is hit by Danny DeKeiser and loses puck.
9:11 of 3rd period - Steve Quailer is hit by Justin Faulk and loses puck.
9:19 of 3rd period - Off-side.
9:20 of 3rd period - Craig Smith wins face-off versus Brian Flynn in neutral zone.
9:27 of 3rd period - Slapshot by Dustin Kohn.
9:27 of 3rd period - Shot Blocked by Brian Flynn.
9:29 of 3rd period - Slapshot by Dustin Kohn.
9:29 of 3rd period - Stopped by Ben Scrivens without a rebound.
9:30 of 3rd period - Craig Smith wins face-off versus Brian Flynn in Little Stars zone.
9:31 of 3rd period - Wrist shot by Tomas Kubalik.
9:31 of 3rd period - Stopped by Ben Scrivens with a rebound.
9:35 of 3rd period - Slapshot by Tomas Kubalik.
9:35 of 3rd period - Deflect By Brian Flynn.
9:35 of 3rd period - Shot Blocked by Brian Flynn.
9:35 of 3rd period - Puck is out of play.
9:36 of 3rd period - Dana Tyrell wins face-off versus Tyler Bozak in Little Stars zone.
9:45 of 3rd period - Snap shot by Tyler Bozak.
9:45 of 3rd period - Stopped by Ben Scrivens without a rebound.
9:46 of 3rd period - Dana Tyrell wins face-off versus Tyler Bozak in Little Stars zone.
10:52 of 3rd period - Snap shot by Marcus Johansson.
10:52 of 3rd period - Stopped by Eddie Lack without a rebound.
10:53 of 3rd period - Riley Sheahan wins face-off versus Brian Flynn in Diables zone.
10:55 of 3rd period - Lukas Krajicek is hit by Jared Spurgeon and loses puck.
10:59 of 3rd period - Off-side.
11:00 of 3rd period - Brian Flynn wins face-off versus Riley Sheahan in neutral zone.
11:09 of 3rd period - Wrist shot by Riley Sheahan.
11:09 of 3rd period - Stopped by Ben Scrivens without a rebound.
11:10 of 3rd period - Riley Sheahan wins face-off versus Brian Flynn in Little Stars zone.
11:16 of 3rd period - Minor Penalty to Danny DeKeiser for Cross-checking.
11:17 of 3rd period - Tyler Bozak wins face-off versus Sean Avery in Little Stars zone.
11:19 of 3rd period - Wrist shot by Tyler Bozak.
11:19 of 3rd period - Shot Misses the Net.
11:21 of 3rd period - Wrist shot by Alexandre Burrows.
11:21 of 3rd period - Stopped by Ben Scrivens with a rebound.
11:23 of 3rd period - Slapshot by Steve Quailer.
11:23 of 3rd period - Shot Blocked by Niklas Hjalmarsson.
11:25 of 3rd period - Slapshot by Tyler Cuma.
11:25 of 3rd period - Stopped by Ben Scrivens with a rebound.
11:27 of 3rd period - Slapshot by Tyler Cuma.
11:27 of 3rd period - Stopped by Ben Scrivens without a rebound.
11:28 of 3rd period - Sean Avery wins face-off versus Tyler Bozak in Little Stars zone.
11:39 of 3rd period - Slapshot by Tyler Cuma.
11:39 of 3rd period - Shot Blocked by Sean Avery.
11:41 of 3rd period - Slapshot by Tyler Cuma.
11:41 of 3rd period - Stopped by Ben Scrivens with a rebound.
11:43 of 3rd period - Wrist shot by Alexandre Burrows.
11:43 of 3rd period - Stopped by Ben Scrivens with a rebound.
11:59 of 3rd period - Slapshot by Dustin Kohn.
11:59 of 3rd period - Deflect By Raphael Diaz.
11:59 of 3rd period - Stopped by Ben Scrivens with a rebound.
12:17 of 3rd period - Steve Quailer is hit by Niklas Hjalmarsson and loses puck.
13:16 of 3rd period - Penalty to Danny DeKeiser is over, Danny DeKeiser is back on ice.
13:26 of 3rd period - Wrist shot by Andrej Nestrasil.
13:26 of 3rd period - Shot Misses the Net.
14:00 of 3rd period - Snap shot by Tomas Kubalik.
14:00 of 3rd period - Deflect By Craig Smith.
14:00 of 3rd period - Stopped by Ben Scrivens without a rebound.
14:01 of 3rd period - Boone Jenner wins face-off versus Alex Chiasson in Little Stars zone.
14:02 of 3rd period - Snap shot by Alexandre Burrows.
14:02 of 3rd period - Stopped by Ben Scrivens with a rebound.
14:24 of 3rd period - Brandon Prust is hit by Sean Avery and loses puck.
14:44 of 3rd period - Robert Klinkhammer is hit by Steve Quailer and loses puck.
15:13 of 3rd period - Icing by Pavel Valentenko.
15:14 of 3rd period - Brian Flynn wins face-off versus Boone Jenner in Diables zone.
15:17 of 3rd period - Wrist shot by Jesse Joensuu.
15:17 of 3rd period - Stopped by Eddie Lack without a rebound.
15:18 of 3rd period - Andrej Nestrasil wins face-off versus Craig Smith in Diables zone.
15:33 of 3rd period - Wrist shot by Craig Smith.
15:33 of 3rd period - Shot Misses the Net.
16:17 of 3rd period - Snap shot by Alex Chiasson.
16:17 of 3rd period - Deflect By Marcus Johansson.
16:17 of 3rd period - Shot Misses the Net.
16:17 of 3rd period - Puck is out of play.
16:18 of 3rd period - Craig Smith wins face-off versus Andrej Nestrasil in Diables zone.
16:52 of 3rd period - Wrist shot by Alexandre Burrows.
16:52 of 3rd period - Stopped by Ben Scrivens without a rebound.
16:53 of 3rd period - Craig Smith wins face-off versus Dana Tyrell in Little Stars zone.
16:56 of 3rd period - Slapshot by Tomas Kubalik.
16:56 of 3rd period - Stopped by Ben Scrivens with a rebound.
17:08 of 3rd period - Wrist shot by Alex Chiasson.
17:08 of 3rd period - Shot Misses the Net.
17:19 of 3rd period - Off-side.
17:20 of 3rd period - Boone Jenner wins face-off versus Andrej Nestrasil in neutral zone.
17:29 of 3rd period - Slapshot by Alexandre Burrows.
17:29 of 3rd period - Shot Blocked by Andrej Nestrasil.
17:31 of 3rd period - Snap shot by Ben Hanowski.
17:31 of 3rd period - Shot Blocked by Raphael Diaz.
17:33 of 3rd period - Wrist shot by Boone Jenner.
17:33 of 3rd period - Stopped by Ben Scrivens without a rebound.
17:34 of 3rd period - Dana Tyrell wins face-off versus Craig Smith in Little Stars zone.
18:03 of 3rd period - Ben Hanowski is hit by Danny DeKeiser and loses puck.
18:11 of 3rd period - Minor Penalty to Boone Jenner for Goalie Interference.
18:12 of 3rd period - Dana Tyrell wins face-off versus Alexandre Burrows in Diables zone.
18:28 of 3rd period - Slapshot by Alex Chiasson.
18:28 of 3rd period - Goal by Alex Chiasson - Little Stars : 4 - Diables : 3.
18:29 of 3rd period - Craig Smith wins face-off versus Andrej Nestrasil in neutral zone.
18:36 of 3rd period - Wrist shot by Craig Smith.
18:36 of 3rd period - Stopped by Ben Scrivens without a rebound.
18:37 of 3rd period - Craig Smith wins face-off versus Andrej Nestrasil in Little Stars zone.
18:43 of 3rd period - Minor Penalty to Tyler Randell for Delaying the game.
18:44 of 3rd period - Tyler Bozak wins face-off versus Sean Avery in Little Stars zone.
18:46 of 3rd period - Diables, Eddie Lack is pulled from the net.
19:11 of 3rd period - Niklas Hjalmarsson is hit by Riley Sheahan.
Goals for this period are 1 for Little Stars vs 1 for Diables.
Shots for this period are 11 for Little Stars vs 18 for Diables.
Back to the Top